 Dungeon Crawl Stone Soup version 0.31-a0-1098-g6898e6545c (webtiles) character file.

Game seed: 1951573454392009039

160 Dirtsage the Changeling (level 5, -1/35 HPs)
             Began as an Octopode Shapeshifter on Nov 30, 2023.
             Slain by Grinder (9 damage)
             ... on level 3 of the Dungeon.
             The game lasted 00:02:46 (2216 turns).

Dirtsage the Changeling (Octopode Shapeshifter)     Turns: 2216, Time: 00:02:46

Health: -1/35      AC:  1    Str: 13    XL:     5   Next: 41%
Magic:  5/5        EV: 13    Int: 12    God:
Gold:   176        SH:  0    Dex: 14    Spells: 4/4 levels left

rFire   + .          .
                       - Unarmed
rCold   x . .        (no shield)
rNeg    . . .        (helmet currently unavailable)
rPois   .            j - amulet of the acrobat
rElec   .            S - ring of see invisible
rCorr   .            s - ring of fire
SInv    +            (no ring)
Will    +....        (no ring)
Stlth   ++           (no ring)
HPRegen 0.25/turn    (no ring)
MPRegen 0.09/turn    (no ring)
                     (no ring)

%: acrobat
@: beast-form, enlightened, flying
A: beast (slay +2), almost no armour, amphibious, 8 rings, camouflage 1,
gelatinous body 1, (nimble swimmer 1), tentacles
a: Begin Untransformation


You were on level 3 of the Dungeon.
You were a hulking beast.
You visited 1 branch of the dungeon, and saw 3 of its levels.

You collected 176 gold pieces.

Inventory:

Jewellery
 j - an amulet of the acrobat (around mantle)
 s - a ring of fire (right tentacle)
 S - a ring of see invisible (left tentacle)
Talismans
 b - a beast talisman
 c - a flux talisman
Scrolls
 e - 3 scrolls of identify {unknown}
 f - a scroll of noise {unknown}
 g - a scroll of torment {unknown}
 i - a scroll of brand weapon {unknown}
 m - a scroll of vulnerability {unknown}
 n - a scroll of amnesia {unknown}
 p - a scroll of poison {unknown}
 q - a scroll of teleportation {unknown}
 r - a scroll of revelation {unknown}
Potions
 a - a potion of lignification
 d - a potion of might {unknown}
 h - a potion of enlightenment
 k - a potion of ambrosia {unknown}
 l - a potion of brilliance {unknown}
 o - 2 potions of haste {unknown}
 t - 2 potions of curing {unknown}


   Skills:
 + Level 2.5 Fighting
 - Level 2.0 Dodging
 + Level 3.9 Unarmed Combat
 * Level 4.4 Shapeshifting


You had 4 spell levels left.
You didn't know any spells.
Your spell library was empty.

Dungeon Overview and Level Annotations

Branches:
Dungeon (3/15)

Altars:

Annotations:
D:3 Grinder


Innate Abilities, Weirdness & Mutations

You are a hulking beast.
Your limbs bulge with bestial killing power. (Slay +2)
You cannot wear most types of armour.
You are amphibious.
You can wear up to eight rings at the same time.
Your skin changes colour to match your surroundings (Stealth+).
Your rubbery body absorbs attacks. (AC +1, EV +1)
((You are camouflaged when in or above water. (Stealth+)))
You have tentacles for arms and can constrict up to eight enemies at once.


Message History

You kill the orc!
You feel sick.
You take 1 damage, and have 16/35 hp.
You feel sick.
Things that are here:
a +0 hand axe; a +0 leather armour; an orc corpse You take 2 damage, and have 14/35 hp.
You start resting.
You feel sick.
You feel sick.
You feel sick.
You feel sick.
You are no longer poisoned.
HP restored.
There is an escape hatch in the floor here.
Grinder comes into view.
She is carrying a wand of flame.
Grinder shouts!
Health restored: 35 You have nothing you can fire or use right now.
Unknown command.
Grinder blinks!
Grinder zaps a wand.
The puff of flame hits you! You resist.
You take 7 damage, and have 28/35 hp.
You see here a potion of lignification.
Grinder gestures at you. Pain shoots through your body!
You take 6 damage, and have 22/35 hp.
Grinder gestures at you. Pain shoots through your body!
You take 10 damage, and have 12/35 hp.
MASSIVE DAMAGE!!
You tentacle-slap Grinder. You grab Grinder.
Grinder is lightly wounded.
You constrict Grinder.
Grinder zaps a wand.
The puff of flame hits you. You resist.
* * * LOW HITPOINT WARNING * * *
You take 4 damage, and have 8/35 hp.
It was a potion of enlightenment.
You feel very buoyant.
You fly up into the air.
You constrict Grinder. Grinder hits you!
You die...
Grinder says, "Now the real fun starts!"

# # # # # #.### ###.
#.... ..... #####
#...############ #
#...5h..!......# #
#..#########.#.######
# #.#.##...##
#.#.##.....
#.....>).##
#.....)†## #.#####.#
#.# #.# #.# #.#


You could see Grinder.

Vanquished Creatures
  Robin (D:3)
  8 adders
  A dart slug (D:2)
  5 orcs (D:3)
  6 endoplasms
  3 giant cockroaches
  9 goblins
  9 hobgoblins
  5 jackals (D:1)
  3 quokkas
  2 ball pythons
  2 bats (D:2)
  5 frilled lizards
  3 kobolds
  5 rats
67 creatures vanquished.

Notes
Turn   | Place    | Note
-------+----------+-------------------------------------------
     0 | D:1      | Dirtsage the Octopode Shapeshifter began the quest for the
                  | Orb.
     0 | D:1      | Reached XP level 1. HP: 13/13 MP: 1/1
   130 | D:1      | Reached XP level 2. HP: 4/18 MP: 2/2
   709 | D:1      | Reached XP level 3. HP: 23/23 MP: 3/3
  1086 | D:2      | Reached XP level 4. HP: 26/29 MP: 4/4
  1256 | D:2      | Reached skill level 4 in Shapeshifting
  1789 | D:3      | Found a faded altar of an unknown god.
  1861 | D:3      | Reached XP level 5. HP: 30/35 MP: 5/5
  1953 | D:3      | Noticed Robin
  1987 | D:3      | Killed Robin
  2208 | D:3      | Noticed Grinder
  2216 | D:3      | Slain by Grinder

Illustrated notes

Levels and vault maps discovered:
D:1:      minmay_arrival_nine_rooms, layout_loops_ring,
          wander_ebering_terrifying_dragon_lair
D:2:      layout_loops_cross, minmay_pentomino_pile
D:3:      layout_loops_ring, marbit_many_paths, fedhas_ov_isle_minmay,
          hellmonk_ecumenical_altar_zigzags, minmay_misc_feat_diagonals,
          serial_park_tiny_1, hex_medium, minivault_27, uniq_grinder, uniq_robin

Skill      XL: |  1  2  3  4 |
---------------+-------------+-----
Fighting       | 2 |  2.5
Shapeshifting  | 4 |  4.4
Dodging        | |  2.0
Unarmed Combat | |  3.9

Action                     |  1- 3 |  4- 6 || total
---------------------------+-------+-------++-------
  Melee: Unarmed           |    62 |    58 ||   120
         Constrict         |    16 |    13 ||    29
         Tentacles         |     9 |    10 ||    19
         Punch             |     2 |     2 ||     4
    Use: Potion            |       |     1 ||     1
   Stab: Sleeping          |     8 |     5 ||    13
 Armour: Skin              |    19 |    25 ||    44
  Dodge: Dodged            |    38 |    25 ||    63

Table legend: (Time is in decaauts)
 A = Elapsed time spent in this place.
 B = Non-inter-level travel time spent in this place.
 C = Inter-level travel time spent in this place.
 D = Time resting spent in this place.
 E = Time spent auto-exploring this place.
 F = Levels seen in this place.
 G = Mean time per level.
                   A        B        C        D        E       F      G
               +--------+--------+--------+--------+--------+-----+--------+
         Total |   2206 |   2169 |     37 |     64 |   1732 |   3 |  735.3 |
       Dungeon |   2206 |   2169 |     37 |     64 |   1732 |   3 |  735.3 |
               +--------+--------+--------+--------+--------+-----+--------+

Top non-repeatable levels by time:
     D:1: 911 daAuts
     D:2: 819 daAuts
     D:3: 476 daAuts
